 Dungeon Crawl Stone Soup version 0.28.0-1-gb440e238dd (webtiles) character file.

Game seed: 9815855444291764828

1688 wootz the Conjurer (level 8, -2/57 HPs)
             Began as a Demigod Conjurer on Feb 24, 2022.
             Slain by a killer bee (3 damage)
             ... on level 7 of the Dungeon.
             The game lasted 00:13:18 (8123 turns).

wootz the Conjurer (Demigod Conjurer)               Turns: 8123, Time: 00:13:20

Health: -2/57      AC:  4    Str:  8    XL:     8   Next: 43%
Magic:  20/21      EV: 12    Int: 34    God:
Gold:   200        SH:  0    Dex: 12    Spells: 16/19 levels left

rFire   . . .      SeeInvis .   (no weapon)
rCold   . . .      Faith    .   (no shield)
rNeg    + . .      Spirit   .   a - +0 robe
rPois   .          Reflect  .   (helmet restricted)
rElec   .          Harm     .   k - +1 cloak
rCorr   .          Rampage  .   (no gloves)
Will    .....      Clarity  +   (no boots)
Stlth   ++........              (no amulet)
HPRegen 0.19/turn               h - +6 ring of intelligence
MPRegen 0.17/turn               i - ring of positive energy

@: brilliant, lethally poisoned (-2 -> -23)
A: high MP 1, forlorn, divine attributes, horns 2, clarity
a: no special abilities


You were on level 7 of the Dungeon.
You visited 1 branch of the dungeon, and saw 7 of its levels.

You collected 200 gold pieces.

Inventory:

Armour
 a - a +0 robe (worn)
 k - a +1 cloak (worn)
Jewellery
 h - a +6 ring of intelligence (left hand)
 i - a ring of positive energy (right hand)
 j - a ring of resist corrosion
Scrolls
 b - a scroll of fog
 c - a scroll of enchant weapon
 e - 3 scrolls of identify
 g - a scroll of amnesia
 l - 3 scrolls of immolation
 n - 2 scrolls of enchant armour
 o - 3 scrolls of brand weapon {unknown}
 p - 2 scrolls of teleportation {unknown}
Potions
 d - 3 potions of flight
 f - 3 potions of resistance
 m - a potion of brilliance


   Skills:
 - Level 0.1 Fighting
 + Level 2.7 Dodging
 - Level 3.0 Stealth
 + Level 6.4 Spellcasting
 + Level 7.9 Conjurations


You had 16 spell levels left.
You knew the following spells:

 Your Spells              Type           Power      Damage    Failure   Level
a - Magic Dart            Conj           100%       1d8       1%          1
b - Searing Ray           Conj           100%       2d8       1%          2

Your spell library contained the following spells:

 Spells                   Type           Power      Damage    Failure   Level
 Dazzling Flash           Conj/Hex       100%       N/A       2%          3
 Summon Small Mammal      Summ           64%        N/A       3%          1
 Fulminant Prism          Conj/Hex       27%        3d14      8%          4
 Iskenderun's Mystic Bla  Conj/Tloc      54%        2d12      8%          4
 Call Canine Familiar     Summ           16%        N/A       12%         3
 Summon Guardian Golem    Hex/Summ       16%        N/A       12%         3
 Tukima's Dance           Hex            16%        N/A       12%         3
 Anguish                  Hex/Necr       8%         N/A       36%         4
 Animate Dead             Necr           8%         N/A       36%         4
 Borgnjor's Vile Clutch   Necr/Erth      8%         N/A       71%         5
 Death Channel            Necr           8%         N/A       99%         6
 Enfeeble                 Hex            8%         N/A       100%        7


Dungeon Overview and Level Annotations

Branches:
Dungeon (7/15)
 Temple: D:4-7

Shops:
D:1 =   D:5 (

Annotations:
D:3 1 runed translucent door, Dvallin's ghost, amateur KoDe


Innate Abilities, Weirdness & Mutations

You have an increased reservoir of magic. (+10% MP)
You shall have no god before yourself.
Your divine heritage dramatically boosts your attributes as you level up.
You have a pair of horns on your head.
You possess an exceptional clarity of mind.


Message History

The killer bee stings you.
The killer bee stings you but does no damage.
The killer bee barely misses you.
You feel sick. The killer bee barely misses you.
The killer bee stings you but does no damage. x2
You feel sick. The killer bee barely misses you.
The killer bee closely misses you. The killer bee barely misses you.
You feel sick. The killer bee barely misses you.
You feel sick. The killer bee barely misses you. The killer bee stings you.
* * * LOW HITPOINT WARNING * * *
You are more poisoned.
The killer bee poisons you! The killer bee barely misses you.
The killer bee closely misses you.
The killer bee stings you but does no damage.
The killer bee stings you.
* * * LOW HITPOINT WARNING * * *
You feel sick. The killer bee misses you. The killer bee stings you!
* * * LOW HITPOINT WARNING * * *
You are more poisoned.
The killer bee poisons you! The killer bee closely misses you.
You feel much better.
You feel very sick. The killer bee stings you.
* * * LOW HITPOINT WARNING * * *
You are lethally poisoned!
The killer bee poisons you!
The killer bee stings you but does no damage.
The killer bee closely misses you. The killer bee stings you.
* * * LOW HITPOINT WARNING * * *
You are more poisoned.
The killer bee poisons you! The killer bee misses you.
The killer bee barely misses you.
It was a potion of brilliance.
You feel clever all of a sudden.
* * * LOW HITPOINT WARNING * * *
You feel very sick. The killer bee closely misses you.
The killer bee stings you.
* * * LOW HITPOINT WARNING * * *
The killer bee stings you.
You die...

... .. ..... ...#. ..
.....## ... .....# ..$.
...# #.... #
#y####..... ..
#@yO.......
...###y.....###
..$....y.....#
.............########
.........##..........
#####.......#......<...
......#####.#..........
#........#.#..........
#..$$) #..............


You could see an ogre and 4 killer bees.

Vanquished Creatures
  2 ice beasts
  A sky beast (D:6)
  4 ogres
  A necrophage (D:4)
  A phantom (D:5)
  2 bullfrogs
  A scorpion (D:5)
  2 howler monkeys
  A bullfrog zombie (D:6)
  A centaur zombie (D:7)
  3 hounds
  4 jellies
  2 iguanas
  Natasha (thrice) (D:4)
  2 orc wizards
  A hound zombie (D:5)
  6 adders
  2 worms (D:2)
  5 dart slugs
  12 orcs
  6 bats
  13 endoplasms
  4 giant cockroaches
  6 goblins
  4 hobgoblins
  8 jackals (D:2)
  4 quokkas
  7 ball pythons
  6 frilled lizards
  10 kobolds
  4 rats (D:1)
128 creatures vanquished.

Vanquished Creatures (others)
  8 demonic plants (D:1)
  8 fungi
  3 plants (D:1)
  10 toadstools (D:2)
  3 withered plants (D:1)
32 creatures vanquished.

Grand Total: 160 creatures vanquished

Notes
Turn   | Place    | Note
-------+----------+-------------------------------------------
     0 | D:1      | wootz the Demigod Conjurer began the quest for the Orb.
     0 | D:1      | Reached XP level 1. HP: 14/14 MP: 5/5
   420 | D:1      | Reached skill level 4 in Conjurations
   449 | D:1      | Reached XP level 2. HP: 20/20 MP: 5/7
  1275 | D:1      | Found Emaineo's Jewellery Shop.
  1566 | D:2      | Reached XP level 3. HP: 26/26 MP: 5/8
  1573 | D:2      | Gained mutation: You have a pair of small horns on your
                  | head. [potion of mutation]
  1573 | D:2      | Gained mutation: You possess an exceptional clarity of
                  | mind. [potion of mutation]
  1573 | D:2      | Gained mutation: You have a pair of horns on your head.
                  | [potion of mutation]
  1793 | D:2      | Noticed an ogre
  1809 | D:2      | Killed an ogre
  1810 | D:2      | Reached XP level 4. HP: 33/33 MP: 0/10
  1885 | D:2      | Reached skill level 5 in Conjurations
  1981 | D:2      | Learned a level 2 spell: Searing Ray
  2138 | D:2      | Reached XP level 5. HP: 34/38 MP: 6/12
  3048 | D:3      | Found a runed translucent door.
  3049 | D:3      | Noticed Dvallin's ghost (amateur KoDe)
  3148 | D:3      | You fall into a shaft and drop 2 floors!
  3148 | D:5      | Entered Level 5 of the Dungeon
  3160 | D:5      | Reached XP level 6. HP: 18/45 MP: 4/14
  3591 | D:5      | Found Cyjiach's Antique Weapon Shop.
  3631 | D:5      | Reached skill level 6 in Conjurations
  4395 | D:5      | Reached XP level 7. HP: 50/50 MP: 11/16
  5341 | D:4      | Reached skill level 5 in Spellcasting
  5802 | D:4      | Reached skill level 7 in Conjurations
  5981 | D:4      | Reached XP level 8. HP: 57/57 MP: 12/19
  6060 | D:4      | Noticed Natasha
  6064 | D:4      | Killed Natasha
  6284 | D:4      | Noticed Natasha
  6289 | D:4      | Killed Natasha
  6637 | D:4      | Noticed Natasha
  6640 | D:4      | Killed Natasha
  8121 | D:7      | HP: 2/57 [killer bee (8)]
  8123 | D:7      | Slain by a killer bee

Illustrated notes

Levels and vault maps discovered:
D:1:      dpeg_arrival_orchard, layout_basic, serial_shops, shop_statue,
          shapermc_ecumenical_altar_gd
D:2:      cheibrodos_fertilizer, layout_basic, ebering_dispersal_statue_hall
D:3:      layout_loops_corners, mainiacjoe_overflow_catwalk,
          mainiacjoe_overflow_alcove_2, gammafunk_ghost_grave
D:4:      layout_loops_cross, nicolae_concentric_dashed_squares_mild,
          uniq_natasha
D:5:      layout_layer_cave, lemuel_crystal_altar, serial_shops,
          nicolae_shop_behind_doors
D:6:      layout_basic, grunt_dithmenos_smoke_and_mirrors, glass_columns_a,
          minmay_tree_intersection
D:7:      layout_basic, minmay_temple_entry_fiery

Skill      XL: |  1  2  3  4  5  6  7  8 |
---------------+-------------------------+-----
Conjurations   | 4 5 6 7 |  7.9
Spellcasting   | 2 3 4 5 6 |  6.4
Stealth        | 2 3 |  3.0
Dodging        | 2 |  2.7
Fighting       | |  0.1

Action                   |  1- 3 |  4- 6 |  7- 9 || total
-------------------------+-------+-------+-------++-------
Melee: Unarmed           |     8 |       |       ||     8
 Cast: Magic Dart        |    78 |    79 |    82 ||   239
       Searing Ray       |       |    13 |    26 ||    39
  Use: Potion            |     6 |     1 |     6 ||    13
       Scroll            |     2 |       |     4 ||     6
Armor: Robe              |     3 |     4 |    18 ||    25
Dodge: Dodged            |    19 |    34 |    33 ||    86
